Map: Ley Lines

Players

LigerMaNN - Winner!

  • Race: Zerg Zerg
  • League: Diamond
  • Spawn Location: 1:00

Heyward

  • Race: Zerg Zerg
  • League: Platinum
  • Spawn Location: 7:00

VOD

Have the link to the VOD?

Description

Time

  • Played on: July 1, 2025, 11:22 p.m.
  • Length: 7:32
Show
View Real Time Build Order
Export as new Build Order

LigerMaNN Zerg - Winner!

Build Orders: Hatch First, Zergling Baneling 

Get SALT Encoding   

  12  0:01  Drone  
  13  0:13  Overlord  
  13  0:16  Drone  
  14  0:31  Drone x2  
  16  0:36  Drone  
  17  0:51  Hatchery  
  17  0:54  Drone  
  17  0:58  Drone  
  18  1:09  Extractor  
  17  1:14  Spawning Pool  
  17  1:16  Drone  
  17  1:19  Drone  
  18  1:29  Drone  
  19  1:40  Drone  
  20  1:50  Overlord  
  20  2:03  Queen x2  
  20  2:06  Zergling x4  
  26  2:14  Metabolic Boost  
  26  2:17  Drone x2  
  28  2:25  Zergling x4  
  28  2:39  Zergling x2, Spine Crawler  
  28  2:40  Zergling x2  
  27  3:00  Drone x4  
  31  3:06  Baneling Nest  
  31  3:08  Queen  
  32  3:15  Spine Crawler  
  31  3:21  Zergling x4  
  32  3:39  Zergling x10  
  32  3:59  Zergling x8  
  32  4:00  Baneling x3  
  32  4:01  Baneling x2  
  35  4:12  Queen  
  35  4:28  Zergling x4  
  35  4:29  Overlord x2  
  35  4:30  Overlord  
  36  4:32  Baneling  
  36  4:34  Baneling  
  36  4:35  Baneling  
  36  4:36  Baneling  
  36  4:38  Baneling  
  36  4:55  Zergling x12  
  42  5:07  Overlord  
  42  5:08  Overlord  
  42  5:22  Drone x3  
  42  5:23  Drone  
  42  5:24  Drone  
  42  5:27  Drone  
  48  5:36  Baneling x4  
  48  5:49  Hatchery  
  47  5:53  Drone  
  47  5:54  Drone x2  
  47  5:56  Drone  
  51  6:04  Zergling x4  
  51  6:05  Zergling x4  
  53  6:23  Baneling  
  47  6:35  Baneling  
  47  6:36  Baneling  
  45  6:41  Zergling x8  
  45  6:42  Zergling x16  
  56  6:57  Drone x5  
  61  7:02  Baneling x7  
  61  7:03  Baneling  
Show
View Real Time Build Order
Export as new Build Order

Heyward Zerg 

Build Orders: Pool First 

Get SALT Encoding   

  12  0:00  Drone  
  13  0:11  Drone  
  14  0:17  Overlord  
  14  0:33  Extractor  
  14  0:34  Drone  
  14  0:40  Spawning Pool  
  13  0:44  Drone  
  13  0:48  Drone  
  15  0:58  Drone x2  
  17  1:20  Hatchery  
  16  1:27  Zergling x4  
  16  1:30  Zergling x2  
  19  1:48  Metabolic Boost  
  19  1:54  Zergling x4  
  21  2:01  Overlord  
  21  2:19  Queen  
  23  2:31  Zergling x4  
  25  2:37  Zergling x4  
  25  2:42  Roach Warren  
  25  2:52  Zergling x2  
  25  2:53  Zergling x2  
  25  2:56  Zergling x2  
  25  2:58  Zergling x2  
  25  3:03  Drone, Queen  
  29  3:09  Zergling x2  
  30  3:15  Drone x2  
  32  3:20  Queen  
  32  3:26  Overlord  
  33  3:34  Zergling x4  
  33  3:40  Zergling x4  
  35  3:46  Zergling x2  
  35  3:47  Zergling x2  
  34  3:52  Zergling x4  
  35  3:58  Drone  
  36  4:09  Drone  
  37  4:10  Drone  
  37  4:13  Drone  
  36  4:25  Zergling x4  
  36  4:30  Drone x3  
  38  4:34  Extractor  
  38  4:37  Drone x4  
  41  4:41  Drone  
  42  4:46  Drone  
  43  4:56  Overlord x2, Spine Crawler  
  42  5:02  Drone  
  42  5:06  Overlord  
  43  5:11  Evolution Chamber  
  43  5:14  Spine Crawler  
  41  5:16  Drone  
  41  5:19  Drone  
  43  5:22  Drone  
  43  5:23  Drone  
  43  5:25  Drone  
  46  5:33  Drone x4  
  50  5:44  Roach  
  50  5:49  Drone  
  53  5:50  Drone  
  53  5:53  Lair  
  53  5:54  Spore Crawler  
  52  5:57  Spore Crawler  
  52  6:03  Extractor  
  50  6:06  Roach x2  
  50  6:07  Overlord  
  54  6:18  Roach  
  46  6:30  Roach  
  42  6:38  Drone x2  
  42  6:41  Zergling x6  
  42  6:46  Drone  
  46  6:54  Drone  
  46  6:55  Drone  
  48  7:06  Drone x2  
Tags
 
Matchup
ZvZ
Race
Zerg
Replay Pack
June 2025
Spawn Locations
Cross Positions
Add a new tag
Caveats
  • Supply blocks, unpowered buildings, or Contaminate may cause inaccurate times.
  • Supply counts are checked every 10 seconds.